AoeStats
← Leão

Arabia

508789196Analyzed
4v4 RM · 8d ago on Sep 24, 2026· 40m 51s· 8 players
Game mode
Random Map
Map size
Large (8 player)
Population
200
Speed
Normal
Resources
Standard
Victory
Conquest
Starting age
Dark Age
Ending age
Imperial Age
RankedLock teamsTeams togetherTeam positionsShared explorationLock speedFull tech treeHidden civsTurbo modeCheats
Victory
Defeat
🇲🇽 Poles · Mexico
1360
+14
🇲🇽 Ethiopians · Mexico
1338
+15
🇷🇺 Vietnamese · Russia
1307
+16
🇲🇽 Franks · Mexico
1229
+21
🇧🇷 Saxons · Brazil
1394
-20
🇧🇷 Persians · Brazil
1334
-17
🇧🇷 Ethiopians · Brazil
1287
-15
🇧🇷 Franks · Brazil
1253
-14
Twitch.tv/WES_XL
5:58 Loom
9:01 Feudal Age
9:42 Double-Bit Axe
15:45 Scale Barding Armor
17:01 Forging
20:17 Wheelbarrow
24:17 Castle Age
24:05 Gold Mining
24:21 Light Cavalry
25:22 Chain Barding Armor
31:37 Iron Casting
31:06 Husbandry
37:00 Hand Cart
38:51 Bow Saw
38:28 Town Watch
39:26 Gold Shaft Mining
43:53 Imperial Age
41:16 Stone Mining
SIN CLAN
1:59 Loom
10:32 Feudal Age
15:30 Fletching
16:16 Padded Archer Armor
19:25 Gold Mining
20:39 Double-Bit Axe
26:37 Castle Age
26:44 Crossbowman
27:22 Bodkin Arrow
31:57 Leather Archer Armor
33:47 Ballistics
38:19 Imperial Age
37:35 Thumb Ring
39:04 Gold Shaft Mining
38:43 Arbalester
41:59 Chemistry
41:18 Bracer
Rosse SinClan
8:33 Feudal Age
7:44 Loom
9:39 Double-Bit Axe
16:53 Scale Barding Armor
18:08 Bloodlines
19:10 Forging
23:54 Castle Age
23:16 Wheelbarrow
22:48 Horse Collar
25:04 Chain Barding Armor
25:41 Light Cavalry
28:37 Husbandry
29:49 Bow Saw
33:45 Town Watch
impossible
9:43 Feudal Age
11:12 Loom
11:32 Double-Bit Axe
15:18 Gold Mining
15:25 Fletching
16:20 Padded Archer Armor
27:31 Castle Age
27:36 Crossbowman
28:15 Bodkin Arrow
28:35 Leather Archer Armor
28:28 Thumb Ring
34:32 Ballistics
40:03 Imperial Age
38:31 Wheelbarrow
39:28 Hand Cart
Leão
6:35 Loom
8:58 Feudal Age
10:15 Double-Bit Axe
14:31 Fletching
21:42 Padded Archer Armor
26:39 Castle Age
26:29 Gold Mining
26:44 Crossbowman
27:21 Bodkin Arrow
30:33 Leather Archer Armor
37:43 Ballistics
41:15 Gold Shaft Mining
[Rz] TK_puxa
6:35 Loom
8:56 Feudal Age
9:40 Double-Bit Axe
14:36 Forging
17:27 Scale Barding Armor
17:48 Gold Mining
17:51 Horse Collar
20:47 Bloodlines
25:34 Castle Age
26:35 Iron Casting
26:20 Chain Barding Armor
26:35 Iron Casting
26:21 Chain Barding Armor
26:04 Husbandry
32:44 Wheelbarrow
40:50 Fletching
[RZ] rj.renan
6:40 Loom
9:36 Feudal Age
11:03 Double-Bit Axe
18:05 Scale Barding Armor
22:08 Forging
28:15 Castle Age
27:42 Gold Mining
30:16 Chain Barding Armor
31:43 Iron Casting
[RZ] James Rocha
6:06 Loom
9:16 Feudal Age
10:08 Double-Bit Axe
15:49 Fletching
27:43 Castle Age
26:12 Gold Mining
27:33 Padded Archer Armor
28:12 Crossbowman
28:52 Bodkin Arrow
Connection lost

Rejoining the realm…

Still unreachable

The connection could not be restored.

Session expired

The server has moved on; the page needs a fresh start.